 Dungeon Crawl Stone Soup version 0.28.0 (webtiles) character file.

Game seed: 6403334319648835971

14895 Charly the Cleaver (level 11, -1/101 (103) HPs)
             Began as a Deep Dwarf Fighter on Feb 16, 2022.
             Was an Elder of Makhleb.
             Slain by a wight (6 damage)
             ... on level 10 of the Dungeon.
             The game lasted 00:14:10 (8101 turns).

Charly the Cleaver (Deep Dwarf Fighter)             Turns: 8101, Time: 00:14:10

HP:   -1/101 (103)  AC: 19    Str: 24    XL:     11   Next: 94%
MP:   0/0           EV:  9    Int:  9    God:    Makhleb [****..]
Gold: 597           SH: 11    Dex: 15    Spells: 10/10 levels left

rFire   + + +      SeeInvis .   a - +0 war axe
rCold   . . .      Faith    .   N - +0 kite shield
rNeg    . . .      Spirit   .   v - +1 chain mail of the Shore {rF+++ Dex+3 Stlth-}
rPois   .          Reflect  .   O - +1 hat
rElec   .          Harm     .   E - +0 cloak
rCorr   +          Rampage  .   (no gloves)
Will    +....                   o - +0 pair of boots
Stlth   ..........              (no amulet)
HPRegen 0.00/turn               f - +4 ring of protection
MPRegen 0.07/turn               y - ring of resist corrosion

@: lightly drained
A: damage resistance, heal wounds, sense surroundings 2, no regeneration
a: Heal Wounds, Renounce Religion, Minor Destruction, Lesser Servant of Makhleb,
Major Destruction


You were on level 10 of the Dungeon.
You worshipped Makhleb.
Makhleb was greatly pleased with you.
You visited 2 branches of the dungeon, and saw 11 of its levels.

You collected 597 gold pieces.

Inventory:

Hand Weapons
 a - a +0 war axe (weapon)
 b - a +4 morningstar
Armour
 o - a +0 pair of boots (worn)
 v - the +1 chain mail of the Shore (worn) {rF+++ Dex+3 Stlth-}
   (You found it on level 4 of the Dungeon)

   Dex:       It affects your dexterity (+3).
   rF:        It renders you almost immune to fire.
   Stlth:     It makes you less stealthy.
 E - a +0 cloak (worn)
 N - a +0 kite shield (worn)
 O - a +1 hat (worn)
Jewellery
 c - a ring of poison resistance
 f - a +4 ring of protection (left hand)
 s - a ring of protection from fire
 t - an amulet of the acrobat
 y - a ring of resist corrosion (right hand)
 D - a ring of see invisible
Wands
 e - a wand of acid (7)
 l - a wand of flame (3)
 p - a wand of digging (4)
 C - a wand of polymorph (10)
 G - a wand of mindburst (6)
 J - a wand of iceblast (8)
 P - a wand of paralysis (2)
Scrolls
 g - 2 scrolls of blinking
 h - 2 scrolls of fear
 i - 2 scrolls of brand weapon {unknown}
 m - 2 scrolls of holy word
 n - 2 scrolls of magic mapping {unknown}
 q - 4 scrolls of teleportation {unknown}
 r - 3 scrolls of enchant weapon {unknown}
 w - a scroll of summoning {unknown}
 x - 4 scrolls of immolation {unknown}
 A - 2 scrolls of enchant armour {unknown}
 F - 2 scrolls of fog {unknown}
 H - a scroll of amnesia {unknown}
 L - a scroll of silence {unknown}
 M - 2 scrolls of vulnerability {unknown}
Potions
 d - 2 potions of might
 j - 2 potions of invisibility
 k - a potion of curing
 u - 3 potions of attraction
 z - 2 potions of flight
 B - 4 potions of mutation
 I - a potion of berserk rage
 K - a potion of brilliance


   Skills:
 + Level 7.9 Fighting
 * Level 12.4 Axes
 + Level 8.6 Armour
 + Level 5.3 Dodging
 + Level 9.3 Shields
 * Level 6.3 Invocations
 + Level 7.0 Evocations


You had 10 spell levels left.
You didn't know any spells.
Your spell library contained the following spells:

 Spells                   Type           Power      Damage    Failure   Level
 Beastly Appendage        Tmut           0%         N/A       99%         1
 Static Discharge         Conj/Air       0%         N/A       100%        2
 Wereblood                Tmut           0%         N/A       100%        2
 Conjure Flame            Conj/Fire      0%         6-21      100%        3
 Ignite Poison            Fire/Tmut/Pois 0%         N/A       100%        3
 Ozocubu's Armour         Ice            0%         N/A       100%        3
 Spider Form              Tmut/Pois      0%         N/A       100%        3
 Animate Dead             Necr           0%         N/A       100%        4
 Fulminant Prism          Conj/Hex       0%         3d6       100%        4
 Iskenderun's Mystic Bla  Conj/Tloc      0%         2d3       100%        4
 Sticky Flame             Conj/Fire      0%         2d3       100%        4
 Borgnjor's Vile Clutch   Necr/Erth      0%         N/A       100%        5
 Lee's Rapid Deconstruct  Erth           0%         3d5*      100%        5
 Lightning Bolt           Conj/Air       0%         1d11      100%        5
 Metabolic Englaciation   Hex/Ice        0%         N/A       100%        5
 Conjure Ball Lightning   Conj/Air       0%         3x3d6     100%        6
 Death Channel            Necr           0%         N/A       100%        6
 Simulacrum               Ice/Necr       0%         N/A       100%        6
 Discord                  Hex            0%         N/A       100%        8
 Disjunction              Tloc           0%         N/A       100%        8
 Maxwell's Capacitive Co  Air            0%         ∞         100%        8


Dungeon Overview and Level Annotations

Branches:
Dungeon (10/15)            Temple (1/1) D:4            Lair (0/6) D:9
    Orc (0/2) D:9

Altars:
Ashenzari
Dithmenos
Elyvilon
Fedhas
Gozag
Makhleb
Nemelex Xobeh
Okawaru
Trog
Vehumet
Xom
Zin

Shops:
D:10 *

Annotations:
D:8 2 runed translucent doors, Silentstumbler's ghost, novice GrEE


Innate Abilities, Weirdness & Mutations

You are resistant to damage.
You can heal yourself by infusing magical energy.
You passively map the area around you.
You do not regenerate.


Message History

Makhleb accepts your kill.
You feel better.
Items here: )) [[.
Okay, then. 3 wights come into view.
You block the wight's attack.
Items here: )) [[.
There are monsters nearby!
You start waiting.
A wight is nearby!
You barely miss the wight. You block the wight's attack.
You slash the wight!
The wight is heavily damaged.
The wight hits you with a +0 trident!
* * * LOW HITPOINT WARNING * * *
You slash the wight!
You destroy the wight!
Makhleb accepts your kill.
You feel better.
You slash the wight!
The wight is severely damaged.
The wight hits you with a +0 long sword.
* * * LOW HITPOINT WARNING * * *
You feel drained.
You barely miss the wight.
The wight is severely damaged.
You block the wight's attack.
You slice the wight!!
You destroy the wight!
Makhleb accepts your kill.
You feel better.
Your Evocations skill increases to level 7!
You hit the wight but do no damage. You block the wight's attack.
You slash the wight!
The wight is almost destroyed.
The wight closely misses you.
You barely miss the wight.
The wight is almost destroyed.
The wight hits you with a +1 trident!
You die...

##....###.#.#...# #.# #.#####
##.##.## ##..#.### #.# #.#
..###)# ##.#.# #.# #.# ### #.#
#.#.#####.# #.# # # ##+##
#.........# #.# ## # ##...##
###.####### #.####. ###.....##
#.## #...#.. ##.......## #..##
###....
#.........####.#@###########...#.
'<........'...###z...............
#...[.....####.#.###########.....
##.......## ##z## #.....
###.....## #z# #.#.## ##...## #.#
#.#.# ##+## #z# #.#.# #. #z#
#...# *####.#* #.# ###.##


You could see a wight.

Vanquished Creatures
  3 centaur warriors (D:9)
  A tengu warrior (D:9)
  A skeletal warrior (D:9)
  An ugly thing (D:9)
  A deep elf zephyrmancer (D:9)
  A deep elf pyromancer (D:9)
  2 orc sorcerers (D:9)
  A salamander (shapeshifter) (D:9)
  2 efreet (D:9)
  An unseen horror (D:10)
  2 trolls
  Sigmund (D:4)
  7 yaks
  A shadow (D:9)
  A wyvern (D:9)
  A basilisk (D:10)
  Menkaure (D:4)
  2 steam dragons (D:9)
  2 vampire mosquitoes (D:9)
  5 water moccasins
  Duvessa (D:5)
  A sky beast (D:7)
  13 orc warriors
  2 ice beasts
  2 black bears
  5 ogres
  2 centaurs
  6 bullfrogs
  A phantom (D:5)
  7 kobold brigands
  2 gnoll sergeants (D:9)
  A wyvern zombie (D:7)
  2 scorpions (D:9)
  A water moccasin skeleton (D:4)
  A wyvern skeleton (D:6)
  3 killer bees (D:9)
  13 wights
  A howler monkey (D:9)
  A hound (D:6)
  3 centaur zombies
  A gnoll shaman (D:7)
  3 orc priests
  2 centaur skeletons
  3 jellies
  Terence (D:2)
  5 orc wizards
  A howler monkey zombie (D:9)
  6 adders
  10 gnolls
  A white imp (D:5)
  A worm (D:3)
  2 dart slugs (D:1)
  21 orcs
  4 bats (D:1)
  9 endoplasms
  A giant cockroach (D:2)
  8 goblins
  5 hobgoblins
  9 ball pythons
  5 frilled lizards
  14 kobolds
  5 rats
222 creatures vanquished.

Vanquished Creatures (collateral kills)
  A necrophage (D:5)
  Dowan (D:5)
  A bullfrog zombie (D:5)
3 creatures vanquished.

Vanquished Creatures (others)
  An ugly thing (D:9)
  An orc priest (D:5)
  A kobold (D:9)
  2 fungi (D:9)
5 creatures vanquished.

Grand Total: 230 creatures vanquished

Notes
Turn   | Place    | Note
-------+----------+-------------------------------------------
     0 | D:1      | Charly the Deep Dwarf Fighter began the quest for the Orb.
     0 | D:1      | Reached XP level 1. HP: 20/20 MP: 1/1
   205 | D:1      | Reached XP level 2. HP: 22/27 MP: 2/2
   216 | D:1      | Found a faded altar of an unknown god.
   317 | D:1      | Reached skill level 3 in Axes
   479 | D:1      | Reached XP level 3. HP: 22/34 MP: 3/3
   799 | D:2      | Noticed Terence
   809 | D:2      | Killed Terence
   810 | D:2      | Reached XP level 4. HP: 29/42 MP: 4/4
   866 | D:2      | Reached skill level 4 in Axes
   930 | D:2      | Found a glowing silver altar of Zin.
  1286 | D:3      | Found a shadowy altar of Dithmenos.
  1391 | D:3      | Found a blossoming altar of Fedhas.
  1693 | D:4      | Reached XP level 5. HP: 37/49 MP: 5/5
  1729 | D:4      | Identified the +1 chain mail of the Shore {rF+++ Dex+3
                  | Stlth-}
  1984 | D:4      | Noticed Menkaure
  1993 | D:4      | Killed Menkaure
  1994 | D:4      | Reached skill level 5 in Axes
  1994 | D:4      | Reached XP level 6. HP: 23/57 MP: 6/6
  2115 | D:4      | Noticed Sigmund
  2123 | D:4      | Killed Sigmund
  2124 | D:4      | Reached skill level 5 in Shields
  2124 | D:4      | Reached skill level 1 in Evocations
  2124 | D:4      | Reached XP level 7. HP: 34/64 MP: 7/7
  2188 | D:4      | Found a staircase to the Ecumenical Temple.
  2356 | Temple   | Entered the Ecumenical Temple
  2379 | Temple   | Became a worshipper of Makhleb the Destroyer
  2452 | D:5      | Entered Level 5 of the Dungeon
  2492 | D:5      | Noticed Dowan
  2663 | D:5      | Noticed a troll
  2668 | D:5      | Killed a troll
  2669 | D:5      | Reached skill level 6 in Axes
  2888 | D:5      | Reached XP level 8. HP: 44/73 MP: 8/8
  2971 | D:5      | Noticed Duvessa
  2979 | D:5      | Reached skill level 7 in Axes
  2993 | D:5      | Killed Dowan
  2997 | D:5      | Reached skill level 5 in Fighting
  3009 | D:5      | Killed Duvessa
  3300 | D:6      | Found a broken altar of Ashenzari.
  3304 | D:6      | Saw a vision of the Shoals and the Snake Pit.
  3304 | D:6      | Noticed a merfolk siren
  3304 | D:6      | Noticed a sea snake
  3304 | D:6      | Noticed a merfolk siren
  3304 | D:6      | Noticed a merfolk
  3304 | D:6      | Noticed a sea snake
  3304 | D:6      | Noticed a naga warrior
  3304 | D:6      | Noticed a black mamba
  3304 | D:6      | Noticed an anaconda
  3304 | D:6      | Noticed a naga mage
  3304 | D:6      | Noticed a naga mage
  3304 | D:6      | Noticed a merfolk
  3305 | D:6      | Noticed a merfolk siren
  3423 | D:6      | Reached skill level 5 in Armour
  3428 | D:6      | Reached skill level 8 in Axes
  3437 | D:6      | Reached skill level 5 in Evocations
  3454 | D:6      | Gained mutation: You passively map the area around you.
                  | [Deep Dwarf growth]
  3454 | D:6      | Reached XP level 9. HP: 24/81 MP: 7/7
  3536 | D:6      | Reached * piety under Makhleb
  4138 | D:7      | Found a white marble altar of Elyvilon.
  4229 | D:7      | Identified the +8 hunting sling "Exastroyko" {speed, rElec}
  4391 | D:7      | Found an opulent altar of Gozag.
  4428 | D:7      | Reached skill level 9 in Axes
  4655 | D:7      | Reached ** piety under Makhleb
  5302 | D:8      | Found a large runed translucent door.
  5302 | D:8      | Found a large runed translucent door.
  5308 | D:8      | Noticed Silentstumbler's ghost (novice GrEE)
  5377 | D:8      | Reached XP level 10. HP: 38/91 MP: 6/6
  5910 | D:9      | Reached skill level 10 in Axes
  5914 | D:9      | Reached skill level 1 in Invocations
  5971 | D:9      | Noticed a centaur warrior
  5990 | D:9      | Killed a centaur warrior
  5991 | D:9      | Reached skill level 1 in Dodging
  6041 | D:9      | Noticed a centaur warrior
  6056 | D:9      | Killed a centaur warrior
  6070 | D:9      | Noticed a salamander
  6081 | D:9      | Killed a salamander
  6083 | D:9      | Noticed a skeletal warrior
  6099 | D:9      | Killed a skeletal warrior
  6100 | D:9      | Reached skill level 11 in Axes
  6119 | D:9      | Noticed a red ugly thing
  6120 | D:9      | Noticed a brown ugly thing
  6128 | D:9      | Noticed a centaur warrior
  6170 | D:9      | Killed a cyan ugly thing
  6171 | D:9      | Reached XP level 11. HP: 54/100 MP: 7/7
  6181 | D:9      | Killed a centaur warrior
  6186 | D:9      | Reached *** piety under Makhleb
  6247 | D:9      | Noticed a deep elf zephyrmancer
  6251 | D:9      | Noticed a tengu warrior
  6270 | D:9      | Killed a deep elf zephyrmancer
  6320 | D:9      | Killed a tengu warrior
  6374 | D:9      | Reached skill level 5 in Invocations
  6385 | D:9      | Noticed an orc sorcerer
  6394 | D:9      | Noticed a deep elf pyromancer
  6398 | D:9      | Killed an orc sorcerer
  6428 | D:9      | Killed a deep elf pyromancer
  6441 | D:9      | Noticed an orc sorcerer
  6443 | D:9      | Paralysed by an orc sorcerer for 7 turns
  6450 | D:9      | Noticed a sun demon
  6486 | D:9      | Killed an orc sorcerer
  6525 | D:9      | Reached skill level 12 in Axes
  6811 | D:9      | Found a staircase to the Orcish Mines.
  6901 | D:9      | Reached skill level 5 in Dodging
  6967 | D:9      | Found a staircase to the Lair.
  7074 | D:9      | Identified the +0 leather armour of Polish {Str+5}
  7160 | D:10     | Entered Level 10 of the Dungeon
  7241 | D:10     | Reached **** piety under Makhleb
  7251 | D:10     | Found a bloodstained altar of Trog.
  7851 | D:10     | Found Buecusin's Demolitions Depot.
  8094 | D:10     | HP: 2/102 [wight (6)]
  8101 | D:10     | Slain by a wight

Illustrated notes

Levels and vault maps discovered:
D:1:      heliophobic_arrival_henge, layout_loops_ring,
          chequers_ecumenical_altar_simple, serial_glass, glass_columns_a,
          glass_columns_b
D:2:      layout_basic, basic_altar, minmay_box_of_dots, uniq_terence
D:3:      layout_rooms, grunt_dithmenos_smoke, fedhas_altar_2,
          mrwooster_statue_mirror, minmay_fountain_box
D:4:      layout_basic, minmay_temple_entry_junction, uniq_sigmund,
          uniq_menkaure
D:5:      layout_loops_ring, kennysheep_path_1, uniq_duvessa
D:6:      layout_basic, grunt_ashenzari_visionary
          [grunt_ashenzari_visionary_shoals, grunt_ashenzari_visionary_snake],
          dk_rats_in_the_wall
D:7:      layout_basic, grunt_gozag_breadcrumbs, mainiacjoe_overflow_alcove_2
D:8:      layout_basic, ebering_ghost_disaster_area,
          hangedman_abyss_or_decor_stagger
D:9:      minmay_the_grid_3x2 [minmay_the_grid_fan, minmay_the_grid_pillar_ring,
          minmay_the_grid_tri_star, minmay_the_grid_gridbox,
          minmay_the_grid_medium_cups, minmay_the_grid_prize_four_corners],
          layout_loops_cross, grunt_lair_entry_orc_guard_hut,
          kennysheep_orc_monster_closet_entryway, due_unseen_surprise
D:10:     minmay_stone_box, layout_loops_corners, kennysheep_little_box,
          marbit_many_paths, nicolae_blasting_shop
Temple:   regret_index_temple_waves

Skill      XL: |  1  2  3  4  5  6  7  8  9 10 11 |
---------------+----------------------------------+-----
Axes           | 3 4 5 6 8 9 11 12 | 12.4
Fighting       | 3 4 5 6 7 |  7.9
Shields        | 4 5 6 7 8 9 |  9.3
Evocations     | 1 3 5 6 7 |  7.0
Armour         | 4 5 6 7 8 |  8.6
Invocations    | 4 6 |  6.3
Dodging        | 3 5 |  5.3

Action                   |  1- 3 |  4- 6 |  7- 9 | 10-12 || total
-------------------------+-------+-------+-------+-------++-------
Melee: War axe           |   108 |    90 |   334 |   508 ||  1040
 Abil: Heal Wounds       |     1 |     2 |    16 |    35 ||    54
Evoke: Wand              |       |     2 |     9 |    17 ||    28
  Use: Scroll            |       |       |       |    10 ||    10
       Potion            |       |       |       |     2 ||     2
Armor: Scale mail        |    53 |    23 |       |       ||    76
       Chain mail        |       |    12 |   208 |   399 ||   619
Dodge: Dodged            |    49 |    31 |   122 |   220 ||   422
Block: Buckler           |    32 |    18 |   107 |     1 ||   158
       Kite shield       |       |       |       |   441 ||   441
